 Dungeon Crawl Stone Soup version 0.29.1-2-gbd0b4ee654 (webtiles) character file.

Game seed: 438748263515776220

2132 Peloso the Carver (level 9, -1/75 (78) HPs)
             Began as a Minotaur Fighter on Nov 30, 2022.
             Slain by a gnoll
             ... wielding a +0 spear
             ... led by a gnoll bouda
              (4 damage)
             ... on level 7 of the Dungeon.
             The game lasted 00:09:57 (6509 turns).

Peloso the Carver (Minotaur Fighter)                Turns: 6509, Time: 00:09:58

HP:   -1/75 (78)    AC: 12    Str: 23    XL:     9   Next: 9%
MP:   8/8           EV: 11    Int:  5    God:
Gold: 481           SH:  5    Dex: 12    Spells: 8/8 levels left

rFire   . . .      SeeInvis .   a - +0 long sword
rCold   + . .      Faith    .   d - +0 buckler
rNeg    . . .      Spirit   .   C - +0 scale mail
rPois   .          Reflect  .   (helmet restricted)
rElec   .          Harm     .   (no cloak)
rCorr   .          Rampage  .   o - +0 pair of gloves
Will    .....                   p - +2 pair of boots
Stlth   ..........              (no amulet)
HPRegen 0.22/turn               h - ring of protection from cold
MPRegen 0.11/turn               (no ring)

@: lightly drained
A: horns 2, retaliatory headbutt
a: no special abilities


You were on level 7 of the Dungeon.
You visited 1 branch of the dungeon, and saw 7 of its levels.

You collected 481 gold pieces.

Inventory:

Hand Weapons
 a - a +0 long sword (weapon)
 b - a +2 war axe of flaming
 c - the +4 short sword of the Known World {speed, Int-4 Dex+3 SInv Stlth+}
   (You found it on level 6 of the Dungeon)

   Attacks with this weapon are significantly faster.
   Int:       It affects your intelligence (-4).
   Dex:       It affects your dexterity (+3).
   SInv:      It lets you see invisible.
   Stlth:     It makes you more stealthy.
Missiles
 t - a throwing net (quivered)
Armour
 d - a +0 buckler (worn)
 o - a +0 pair of gloves (worn)
 p - a +2 pair of boots (worn)
 C - a +0 scale mail (worn)
Jewellery
 h - a ring of protection from cold (left hand)
 v - an amulet of guardian spirit
Wands
 r - a wand of digging (3)
 u - a wand of mindburst (11)
 A - a wand of roots (10)
 E - a wand of flame (7)
Scrolls
 f - a scroll of vulnerability {unknown}
 g - 4 scrolls of teleportation {unknown}
 i - 8 scrolls of identify {unknown}
 n - 2 scrolls of acquirement {unknown}
 w - a scroll of brand weapon {unknown}
 y - a scroll of fog {unknown}
 B - a scroll of enchant armour {unknown}
 D - a scroll of amnesia {unknown}
Potions
 e - 2 potions of might
 j - 5 potions of magic {unknown}
 k - 3 potions of flight {unknown}
 l - a potion of degeneration {unknown}
 m - 6 potions of mutation {unknown}
 q - a potion of brilliance {unknown}
 s - a potion of curing {unknown}
 x - a potion of heal wounds {unknown}
 z - a potion of lignification {unknown}


   Skills:
 + Level 6.5 Fighting
 + Level 9.6 Long Blades
 + Level 8.0 Armour
 + Level 3.3 Dodging
 + Level 0.4 Stealth
 + Level 5.8 Shields
 + Level 0.2 Evocations


You had 8 spell levels left.
You didn't know any spells.
Your spell library contained the following spells:

 Spells                   Type           Power      Damage    Failure   Level
 Apportation              Tloc           0%         N/A       83%         1
 Necrotise                Necr           0%         1d4       83%         1
 Sting                    Tmut/Pois      0%         1d3       83%         1
 Summon Small Mammal      Summ           0%         N/A       83%         1
 Poisonous Vapours        Pois/Air       0%         N/A       93%         2
 Sublimation of Blood     Necr           0%         N/A       93%         2
 Olgreb's Toxic Radiance  Pois           0%         N/A       100%        4
 Petrify                  Tmut/Erth      0%         N/A       100%        4
 Irradiate                Conj/Tmut      0%         3d11      100%        5


Dungeon Overview and Level Annotations

Branches:
Dungeon (7/15)             Temple (0/1) D:7

Altars:
Dithmenos
Fedhas
Makhleb
Ru
Sif Muna
Trog
Uskayaw
Yredelemnul
The Shining One

Annotations:
D:3 3 runed translucent doors, DildoBatman's ghost, amateur FoCj


Innate Abilities, Weirdness & Mutations

You have a pair of horns on your head.
You reflexively headbutt those who attack you in melee.


Message History

You hit the gnoll bouda but do no damage.
The gnoll bouda is heavily wounded.
The gnoll bouda barely misses you. You furiously retaliate!
You headbutt the gnoll bouda, but do no damage.
You hit the gnoll bouda.
You headbutt the gnoll bouda, but do no damage.
The gnoll bouda is severely wounded.
The gnoll is no longer moving quickly.
You barely miss the gnoll bouda.
The gnoll bouda is severely wounded.
Your attacks no longer feel as feeble.
The gnoll bouda hits you but does no damage.
You slash the gnoll bouda!
You kill the gnoll bouda!
You closely miss the gnoll. Your headbutt misses the gnoll.
You block the gnoll's attack.
You hit the gnoll.
The gnoll is moderately wounded.
You block the gnoll's attack.
You slash the gnoll! Your headbutt misses the gnoll.
The gnoll is severely wounded.
The gnoll hits you with a +0 flail.
You barely miss the gnoll. Your headbutt misses the gnoll.
The gnoll is severely wounded.
The gnoll hits you with a +0 flail.
You slash the gnoll!
You kill the gnoll!
You hit the wight. You headbutt the wight!
The wight is almost destroyed.
The wight hits you with a +3 great sword of freezing!!
* * * LOW HITPOINT WARNING * * *
The gnoll hits you but does no damage.
You barely miss the wight. Your headbutt misses the wight.
The wight is almost destroyed.
The wight hits you with a +3 great sword of freezing.
* * * LOW HITPOINT WARNING * * *
You hit the wight but do no damage. Your headbutt misses the wight.
The wight is almost destroyed.
The gnoll hits you from afar with a +0 spear.
You die...

###...##.##...#### #......
..†.###...###....#######
....#.
.####...#..)...).......# #..
....###...###....#####.#
#.###.
###...##.##...########.#
#.....
###..#)#..###........#
##..⌠.. ##.###.##..#######.#
##.z....
#..#(.##.########.###g..###.
##.#.##.#..@zg.....)......#
#.#.###.########.#####...#
#...# #.# #........... ##.##
#.# ############ #.# #.#
#.####.# #.#....# #.#..###
#...##


You could see a wight and a gnoll.

Vanquished Creatures
  Sigmund (D:2)
  2 water moccasins (D:6)
  2 black bears
  4 ogres
  A centaur (D:7)
  A bullfrog (D:5)
  5 scorpions
  2 necrophages
  4 wights (D:7)
  2 jellies (D:4)
  A gnoll bouda (D:7)
  A hound (D:7)
  Terence (D:3)
  An iguana (D:5)
  An orc wizard (D:5)
  Robin (D:3)
  12 gnolls
  10 adders
  A white imp (D:7)
  An ufetubus (D:4)
  3 worms
  A dart slug (D:4)
  5 orcs
  A bat (D:2)
  6 endoplasms
  A giant cockroach (D:1)
  9 goblins
  2 hobgoblins
  4 jackals (D:1)
  4 quokkas
  4 ball pythons
  2 frilled lizards
  6 kobolds
  4 rats
106 creatures vanquished.

Notes
Turn   | Place    | Note
-------+----------+-------------------------------------------
     0 | D:1      | Peloso the Minotaur Fighter began the quest for the Orb.
     0 | D:1      | Reached XP level 1. HP: 19/19 MP: 0/0
   151 | D:1      | Reached XP level 2. HP: 24/27 MP: 1/1
   205 | D:1      | Found a faded altar of an unknown god.
  1109 | D:2      | Noticed Sigmund
  1123 | D:2      | Killed Sigmund
  1124 | D:2      | Reached skill level 4 in Long Blades
  1124 | D:2      | Reached skill level 5 in Armour
  1124 | D:2      | Reached XP level 3. HP: 34/34 MP: 2/2
  1124 | D:2      | Reached XP level 4. HP: 41/41 MP: 3/3
  1124 | D:2      | Reached XP level 5. HP: 47/47 MP: 4/4
  1856 | D:3      | Found a shimmering blue altar of Sif Muna.
  1858 | D:3      | Reached skill level 1 in Dodging
  2064 | D:3      | Noticed Terence
  2078 | D:3      | Killed Terence
  2140 | D:3      | Noticed Robin
  2154 | D:3      | Killed Robin
  2407 | D:3      | Found a runed translucent gate.
  2408 | D:3      | Found a runed translucent gate.
  2409 | D:3      | Found a runed translucent gate.
  2409 | D:3      | Noticed DildoBatman's ghost (amateur FoCj)
  2804 | D:4      | Reached XP level 6. HP: 53/53 MP: 5/5
  2854 | D:4      | Reached skill level 5 in Long Blades
  3174 | D:4      | Reached XP level 7. HP: 60/60 MP: 6/6
  3649 | D:4      | Reached skill level 6 in Long Blades
  3804 | D:4      | Found a basalt altar of Yredelemnul.
  3812 | D:4      | Noticed a profane servitor
  4048 | D:4      | Found a glowing golden altar of the Shining One.
  4309 | D:4      | Noticed an angel
  4478 | D:5      | Entered Level 5 of the Dungeon
  4614 | D:5      | Noticed a two-headed ogre
  4719 | D:5      | Reached skill level 5 in Fighting
  5053 | D:6      | Reached skill level 7 in Long Blades
  5053 | D:6      | Reached skill level 5 in Shields
  5112 | D:6      | Reached XP level 8. HP: 69/69 MP: 7/7
  5231 | D:6      | Reached skill level 8 in Long Blades
  5320 | D:6      | Identified the +4 short sword of the Known World {speed,
                  | Int-4 Dex+3 SInv Stlth+}
  5981 | D:7      | Reached skill level 9 in Long Blades
  6051 | D:7      | Found a sacrificial altar of Ru.
  6053 | D:7      | Found a burning altar of Makhleb.
  6060 | D:7      | Found a shadowy altar of Dithmenos.
  6065 | D:7      | Found a hide-covered altar of Uskayaw.
  6067 | D:7      | Found a blossoming altar of Fedhas.
  6072 | D:7      | Found a bloodstained altar of Trog.
  6443 | D:7      | Found a staircase to the Ecumenical Temple.
  6485 | D:7      | Reached XP level 9. HP: 53/71 MP: 8/8
  6508 | D:7      | HP: 3/75 [wight/+3 great sword of freezing (6)]
  6509 | D:7      | Slain by a gnoll

Illustrated notes

Levels and vault maps discovered:
D:1:      saegor_arrival_simple_e, layout_basic, basic_ecumenical_altar,
          ebering_dispersal_statue_hall
D:2:      layout_basic, uniq_sigmund
D:3:      layout_basic, mainiacjoe_overflow_tiny_flanked,
          gammafunk_ghost_nasty_kobolds, amethyst_killhole, uniq_terence,
          uniq_robin
D:4:      kennysheep_six_static_rooms, layout_loops_ring,
          grunt_temple_overflow_holy_war, serial_rivers,
          chequers_serial_rivers_small_b, chequers_serial_rivers_micro_b,
          chequers_serial_rivers_micro_a, chequers_serial_rivers_small_a,
          chequers_serial_rivers_marsh, chequers_serial_rivers_micro_d,
          amcnicky_mini_pool_small
D:5:      layout_basic
D:6:      layout_loops_ring
D:7:      minmay_general_purpose_star, layout_loops_ring,
          nicolae_overflow_hallway_of_the_gods, minmay_temple_entry_junction_2,
          minmay_misc_feat_five

Skill      XL: |  1  2  3  4  5  6  7  8 |
---------------+-------------------------+-----
Armour         | 5 7 8 |  8.0
Shields        | 4 5 |  5.8
Fighting       | 4 5 6 |  6.5
Long Blades    | 4 5 7 9 |  9.6
Dodging        | 1 2 3 |  3.3
Stealth        | |  0.4
Evocations     | |  0.2

Action                   |  1- 3 |  4- 6 |  7- 9 || total
-------------------------+-------+-------+-------++-------
Melee: Long sword        |    55 |   121 |   202 ||   378
       Headbutt          |     3 |    20 |    50 ||    73
Evoke: Wand              |       |     2 |     1 ||     3
  Use: Potion            |     1 |       |       ||     1
Armor: Scale mail        |    23 |    81 |    91 ||   195
Dodge: Dodged            |    27 |    60 |    70 ||   157
Block: Buckler           |    19 |    31 |    37 ||    87
